cohdb
Replays
Latest Replays
All Replays
Popular Replays
Top Player Replays
Match Explorer
How It Works
Community
CoH3 Stats
Reddit
Sign in to upload your games and track your stats! →
Sign in with Steam
Match 41111395
Unlisted
Match 41111395
Overview
Messages
Build Orders
End
Selects Armored Support Battlegroup
Panzergrenadier Squad
250 Light Carrier
Panzergrenadier Squad
Panzergrenadier Squad
Construct Light Support Kompanie
Fire Support Elements
Selects Veteran Gunners
Veteran Squad Leaders
Flakvierling Half-track
Pak 38 Mechanized Group
Construct Panzerarmee Kommand
Vehicle Survival Package
Selects Flammpanzer III Medium Tank
Flammpanzer III Medium Tank
Armored Reserves
Selects Salvage Kits
Panzer III L Medium Tank
Selects Panzer Storm
Flammpanzer III Medium Tank
Emergency Repair Kits
Panzerpioneer Squad
Selects Command Panzer IV F Medium Tank
Walking Stuka Rocket Launcher
Command Panzer IV F Medium Tank
Rapid Advance
Flammpanzer III Medium Tank
Panzer III L Medium Tank
iceman
jnealphone
0
0
Comments
sign in to comment!
No comments posted yet!